 Dungeon Crawl Stone Soup version 0.26-a0-540-g8a0c9464d7 (webtiles) character file.

Game seed: 14156069532359129134

67315 balgeun the Brawler (level 14, 0/137 HPs)
             Began as a Troll Delver on Aug 16, 2020.
             Was the Champion of Fedhas.
             Slain by a blink frog (3 damage)
             ... on level 6 of the Lair of Beasts.
             The game lasted 01:07:36 (21729 turns).

balgeun the Brawler (Troll Delver)                 Turns: 21729, Time: 01:07:37

Health: 0/137      AC: 10    Str: 25    XL:     14   Next: 82%
Magic:  18/18      EV: 10    Int:  7    God:    Fedhas [******]
Gold:   1258       SH:  0    Dex: 11    Spells: 9/17 levels left

rFire    . . .     SeeInvis .     - Unarmed
rCold    + + .     Faith    +   (no shield)
rNeg     . . .     Spirit   .   y - +0 troll leather armour
rPois    .         Reflect  .   E - +1 hat
rElec    .         Harm     +   i - +1 cloak of Somewhere Else {Harm rC+ Str-3}
rCorr    .                      (gloves unavailable)
MR       +....                  (boots unavailable)
Stlth    ++........             W - amulet of faith
HPRegen  1.12/turn              C - ring of wizardry
MPRegen  0.16/turn              R - +4 ring of slaying

@: lethally poisoned (0 -> 0)
A: large, unfitting armour, claws 3, cold resistance 1, deformed body,
regeneration 1, screaming 1, shaggy fur 1, strong 1, tough skin 3, sturdy frame
1
a: Wall of Briars, Grow Ballistomycete, Overgrow, Grow Oklob, Renounce Religion


You were on level 6 of the Lair of Beasts.
You worshipped Fedhas.
Fedhas was exalted by your worship.
You visited 3 branches of the dungeon, and saw 21 of its levels.

You collected 1258 gold pieces.

Inventory:

Hand Weapons
 T - a +2 hand axe of flaming
 V - a +0 broad axe of flaming
Missiles
 g - 8 silver javelins
 m - 29 javelins
 u - 88 poisoned darts
 M - 2 throwing nets
 P - 10 boomerangs
 Q - a large rock (quivered)
Armour
 i - the +1 cloak of Somewhere Else (worn) {Harm rC+ Str-3}
   (You found it on level 7 of the Dungeon)

   It affects your strength (-3).
   It protects you from cold.
   It increases damage dealt and taken.
 v - a +2 cloak
 y - a +0 troll leather armour (worn)
 E - a +1 hat (worn)
 X - a +2 robe of fire resistance
Magical Staves
 F - an uncursed staff of wizardry {unknown}
 J - an uncursed staff of death {unknown}
Jewellery
 a - a +6 ring of intelligence {unknown}
 C - a ring of wizardry (left claw)
 R - a +4 ring of slaying (right claw)
 W - an amulet of faith (around neck)
 Y - an uncursed ring of flight
Wands
 f - a wand of digging (28)
 h - a wand of iceblast (16)
 j - a wand of flame (7)
 z - a wand of disintegration (13)
 H - a wand of polymorph (16)
 K - a wand of acid (8)
 S - a wand of enslavement (9)
Scrolls
 b - 6 scrolls of fog
 c - 3 scrolls of magic mapping
 d - a scroll of fear
 p - 10 scrolls of remove curse
 q - 2 scrolls of blinking
 r - 8 scrolls of teleportation
 D - 3 scrolls of immolation
 L - 8 scrolls of identify
 O - a scroll of amnesia
Potions
 e - 3 potions of haste
 k - a potion of invisibility
 l - 5 potions of lignification
 n - 3 potions of heal wounds
 o - 9 potions of stabbing
 s - 4 potions of brilliance
 t - a potion of berserk rage {unknown}
 x - 5 potions of resistance
 A - 3 potions of might
 G - 7 potions of curing
 I - 3 potions of magic
 N - 5 potions of flight


   Skills:
 * Level 8.8 Fighting
 - Level 5.3 Axes
 + Level 8.6 Throwing
 - Level 5.3 Armour
 - Level 1.5 Dodging
 - Level 2.7 Stealth
 - Level 17.1 Unarmed Combat
 * Level 2.1 Spellcasting
 * Level 2.7 Transmutations
 * Level 3.3 Earth Magic
 * Level 7.8 Invocations
 - Level 1.0 Evocations


You had 9 spell levels left.
You knew the following spells:

 Your Spells              Type           Power        Failure   Level
a - Blink                 Tloc           N/A          22%         2
b - Statue Form           Tmut/Erth      #........    99%         6

Your spell library contained the following spells:

 Spells                   Type           Power        Failure   Level
 Freeze                   Ice            #...         16%         1
 Magic Dart               Conj           #...         16%         1
 Call Imp                 Summ           #.......     22%         2
 Searing Ray              Conj           #.....       22%         2
 Slow                     Hex            #.......     22%         2
 Conjure Flame            Conj/Fire      #.......     41%         3
 Dazzling Flash           Conj/Hex       #.....       41%         3
 Frozen Ramparts          Ice            #.....       41%         3
 Gell's Gravitas          Tloc           #.........   41%         3
 Lesser Beckoning         Tloc           #.........   41%         3
 Mephitic Cloud           Conj/Pois/Air  #.......     41%         3
 Ozocubu's Armour         Ice            #.......     41%         3
 Teleport Other           Tloc           #.......     41%         3
 Leda's Liquefaction      Hex/Erth       #.........   56%         4
 Ice Form                 Ice/Tmut       #.......     61%         4
 Fulminant Prism          Conj/Hex       #.........   80%         4
 Hailstorm                Conj/Ice       #.......     80%         4
 Iskenderun's Mystic Bla  Conj/Tloc      #.......     80%         4
 Sticky Flame             Conj/Fire      #.......     80%         4
 Summon Ice Beast         Ice/Summ       #.......     80%         4
 Bolt of Magma            Conj/Fire/Erth #.........   92%         5
 Metabolic Englaciation   Hex/Ice        #.........   98%         5
 Freezing Cloud           Conj/Ice/Air   #.........   100%        6
 Iron Shot                Conj/Erth      #.........   100%        6
 Ozocubu's Refrigeration  Ice            #.........   100%        6
 Simulacrum               Ice/Necr       #.........   100%        6
 Starburst                Conj/Fire      #.........   100%        6
 Shatter                  Erth           #.........   100%        9


Dungeon Overview and Level Annotations

Branches:
Dungeon (14/15)            Temple (1/1) D:7            Lair (6/6) D:11
  Swamp (0/4) Lair:2        Snake (0/4) Lair:2        Slime (0/5) Lair:6
    Orc (0/2) D:10         Vaults (0/5) D:13

Altars:
Ashenzari
Cheibriados
Dithmenos
Elyvilon
Fedhas
Gozag
Hepliaklqana
Kikubaaqudgha
Makhleb
Nemelex Xobeh
Okawaru
Qazlal
Ru
Sif Muna
Trog
Uskayaw
Vehumet
Wu Jian
Xom
Yredelemnul
Zin
The Shining One
Beogh

Shops:
D:9 [

Portals:
Gauntlet: Lair:6

Annotations:
D:9 exclusion: downstairs
D:12 1 runed translucent door, exclusion: 2 downstairs


Innate Abilities, Weirdness & Mutations

You are too large for most types of armour.
You have claws for hands.
Your natural rate of healing is unusually fast.
You are covered in fur. (AC +1)
You have extremely tough skin. (AC +3)
Your flesh is cold resistant. (rC+)
Armour fits poorly on your strangely shaped body.
You occasionally shout uncontrollably at your foes.
Your muscles are strong. (Str +2)
Your movements are slightly less encumbered by armour. (ER -2)


Message History

You miss the blink frog.
The blink frog is lightly wounded.
The blink frog hits you!
* * * LOW HITPOINT WARNING * * *
Unknown command.
You mangle the blink frog!!
You kill the blink frog!
Fedhas accepts your kill.
Unknown command.
You mangle the vampire mosquito!!
You destroy the vampire mosquito!
Fedhas accepts your kill.
You feel sick.
A blink frog comes into view.
You miss the blink frog. The blink frog hits you!
* * * LOW HITPOINT WARNING * * *
A blink frog comes into view.
You barely miss the blink frog. The blink frog hits you.
You die...
Fedhas appreciates your contribution to the ecosystem.

≈,,≈,,,,,* ##......#* **,
≈≈≈,,,,,** ##.......# *,,
≈≈≈≈≈≈,,* #........## *,,
≈≈≈≈≈≈≈≈* *#........# *,,
≈≈≈≈,***** #.<.†....# *,,
,,******,* ##.......P# **,
******≈≈,*** #.........#
*,, ≈**≈≈≈≈≈,*,*
#*###......P# *,,
≈≈≈≈≈≈≈≈,,.###.#@..<....##
*,,
≈≈≈≈≈≈≈≈,≈...((F#†.......#
**,
≈≈≈≈≈≈≈≈,...............##
*,,
≈≈≈≈≈≈≈≈≈F...##$.(......#*
*,,
≈≈≈≈≈≈≈≈≈(#≈**###.†......#
*,, ≈≈≈≈≈≈≈≈≈≈≈**
#..((...## *,,
≈≈≈≈≈≈≈≈≈.*** #.......#
*,, ≈≈≈≈,≈≈≈≈,,,**
#.......#** **,
≈≈≈≈≈≈≈≈,,,*,* #....∩[.#,*
*,,


You could see 2 blink frogs.

Vanquished Creatures
  Rupert (D:13)
  Gastronok (D:12)
  Frances (D:14)
  2 entropy weavers (Lair:4)
  Erolcha (D:11)
  4 vault guards
  Harold (D:8)
  6 hydras
  A rakshasa (D:12)
  Erica (Lair:1)
  A centaur warrior (D:13)
  A queen ant (Lair:4)
  9 skeletal warriors
  Nergalle (D:12)
  2 unseen horrors
  2 wizards
  2 necromancers (D:13)
  A deep elf mage (D:14)
  5 ugly things
  2 cyclopes (D:12)
  A centaur zombie (D:11)
  3 elephants
  2 black mambas (Lair:6)
  2 centaur skeletons
  2 gargoyles
  A torpor snail (Lair:4)
  10 cane toads
  A yaktaur (D:13)
  Maggie (Lair:1)
  5 komodo dragons
  A freezing wraith (D:14)
  4 trolls
  4 polar bears (Lair:3)
  5 blink frogs
  6 dream sheep (Lair:6)
  2 hornets
  6 slime creatures
  11 hippogriffs
  A meliai zombie (D:13)
  7 wraiths
  2 water elementals (D:14)
  A shadow (D:12)
  27 yaks
  2 wyverns (D:13)
  2 basilisks
  Grum (Lair:1)
  17 humans (D:13)
  10 vampire mosquitoes
  9 soldier ants (Lair:4)
  6 porcupines
  5 water moccasins
  8 orc warriors
  A black bear (D:12)
  4 sky beasts
  2 phantoms
  8 ogres
  3 ice beasts
  A necrophage (D:8)
  6 wolves
  15 centaurs
  10 crocodiles
  4 big kobolds
  17 bullfrogs
  A wyvern skeleton (D:11)
  7 scorpions
  8 killer bees
  12 wights
  4 howler monkeys
  An electric eel (Lair:1)
  A quasit (D:8)
  3 bullfrog zombies
  5 hounds
  3 bullfrog skeletons
  8 orc priests
  Crazy Yiuf (D:2)
  3 jellies
  4 iguanas
  12 orc wizards
  Natasha (thrice) (D:2)
  27 worker ants
  2 hound skeletons
  A worker ant zombie (D:9)
  3 gnolls (D:3)
  2 howler monkey skeletons
  14 adders
  2 shadow imps
  2 white imps
  3 ufetubi
  An adder skeleton (D:5)
  A worm (D:2)
  2 dart slugs
  8 leopard geckos
  47 orcs
  A bat zombie (D:4)
  9 giant cockroaches
  15 goblins
  7 hobgoblins
  14 jackals
  4 quokkas
  3 ball pythons
  8 bats
  6 frilled lizards
  A jackal skeleton (D:6)
  26 kobolds
  A leopard gecko zombie (D:6)
  7 rats
  3 rat zombies (D:4)
  A ballistomycete spore (D:14)
578 creatures vanquished.

Vanquished Creatures (collateral kills)
  Josephine (D:14)
  16 ballistomycete spores
17 creatures vanquished.

Vanquished Creatures (others)
  An orc (D:13)
  7 fungi
  16 plants
24 creatures vanquished.

Grand Total: 619 creatures vanquished

Notes
Turn   | Place    | Note
-------+----------+-------------------------------------------
     0 | D:5      | balgeun the Troll Delver began the quest for the Orb.
     0 | D:5      | Reached XP level 1. HP: 22/22 MP: 0/0
    47 | D:4      | Reached XP level 2. HP: 29/29 MP: 1/1
    48 | D:4      | You fall into a shaft and drop 1 floor!
   126 | D:4      | Noticed a scorpion
   165 | D:4      | Reached XP level 3. HP: 18/37 MP: 2/2
   221 | D:4      | Noticed a scorpion
   236 | D:3      | Noticed a scorpion
   237 | D:3      | Reached skill level 3 in Unarmed Combat
   237 | D:3      | Reached XP level 4. HP: 42/45 MP: 3/3
   249 | D:3      | Reached skill level 1 in Throwing
   328 | D:3      | Found a shadowy altar of Dithmenos.
   441 | D:2      | Found a hide-covered altar of Uskayaw.
   441 | D:2      | Noticed a +0 dagger
   441 | D:2      | Noticed a +0 dagger
   445 | D:2      | Reached XP level 5. HP: 35/54 MP: 4/4
   992 | D:1      | Reached skill level 4 in Unarmed Combat
  1194 | D:2      | Noticed Natasha
  1198 | D:2      | Killed Natasha
  1397 | D:2      | Noticed an ogre
  1404 | D:2      | Killed an ogre
  1404 | D:2      | Reached skill level 5 in Unarmed Combat
  1404 | D:2      | Reached XP level 6. HP: 62/62 MP: 5/5
  1637 | D:2      | Noticed Natasha
  1642 | D:2      | Killed Natasha
  1661 | D:2      | Found an iron altar of Okawaru.
  1701 | D:2      | Noticed Natasha
  1708 | D:2      | Killed Natasha
  1745 | D:2      | Found a runed translucent door.
  1746 | D:2      | Noticed Crazy Yiuf
  1753 | D:2      | Killed Crazy Yiuf
  1845 | D:3      | Reached skill level 6 in Unarmed Combat
  2528 | D:4      | Found an opulent altar of Gozag.
  2540 | D:4      | Reached XP level 7. HP: 70/70 MP: 6/6
  2594 | D:4      | Found a shimmering altar of Xom.
  2748 | D:4      | Reached skill level 7 in Unarmed Combat
  2859 | D:4      | Found an ancient bone altar of Kikubaaqudgha.
  3132 | D:5      | Identified the Catalogue of Translocation and Fire
  3545 | D:5      | Reached skill level 8 in Unarmed Combat
  3621 | D:5      | Found a glowing golden altar of the Shining One.
  4005 | D:6      | Reached XP level 8. HP: 78/78 MP: 7/7
  4422 | D:6      | Reached skill level 9 in Unarmed Combat
  4941 | D:7      | Gained mutation: You possess an exceptional clarity of
                  | mind. [potion of mutation]
  4941 | D:7      | Gained mutation: You are frail. (-10% HP) [potion of
                  | mutation]
  4941 | D:7      | Gained mutation: Armour fits poorly on your strangely
                  | shaped body. [potion of mutation]
  4941 | D:7      | Gained mutation: Your movements are slightly less
                  | encumbered by armour. (ER -2) [potion of mutation]
  4956 | D:7      | Found a staircase to the Ecumenical Temple.
  4973 | Temple   | Entered the Ecumenical Temple
  5142 | Temple   | Became a worshipper of Fedhas Madash
  5260 | D:7      | Reached skill level 10 in Unarmed Combat
  5419 | D:7      | Found a transporter.
  5452 | D:7      | Found a roughly hewn altar of Beogh.
  5452 | D:7      | Found a transporter.
  5525 | D:7      | Reached XP level 9. HP: 63/75 MP: 8/8
  5705 | D:7      | Lost mutation: You possess an exceptional clarity of mind.
                  | [potion of mutation]
  5705 | D:7      | Lost mutation: You are frail. (-10% HP) [potion of
                  | mutation]
  5705 | D:7      | Gained mutation: You occasionally shout uncontrollably at
                  | your foes. [potion of mutation]
  5705 | D:7      | Gained mutation: Your muscles are strong. (Str +2) [potion
                  | of mutation]
  5705 | D:7      | Gained mutation: Your flesh is cold resistant. (rC+)
                  | [potion of mutation]
  6068 | D:7      | Reached * piety under Fedhas
  6073 | D:7      | Reached skill level 11 in Unarmed Combat
  6086 | D:7      | Got a faintly humming cloak
  6097 | D:7      | Identified the +1 cloak of Somewhere Else {Harm rC+ Str-3}
                  | (You found it on level 7 of the Dungeon)
  6795 | D:8      | Reached skill level 12 in Unarmed Combat
  6991 | D:8      | Reached ** piety under Fedhas
  7150 | D:8      | Reached XP level 10. HP: 53/94 MP: 9/9
  7445 | D:8      | Noticed Harold
  7458 | D:8      | Killed Harold
  7458 | D:8      | Reached skill level 5 in Fighting
  7458 | D:8      | Reached skill level 1 in Invocations
  7881 | D:8      | Reached skill level 1 in Evocations
  8299 | D:9      | Found Keuva's Antique Armour Emporium.
  8664 | D:10     | Entered Level 10 of the Dungeon
  8692 | D:10     | Reached skill level 13 in Unarmed Combat
  8930 | D:10     | Noticed a gargoyle
  8946 | D:10     | Killed a gargoyle
  9145 | D:10     | Reached *** piety under Fedhas
  9162 | D:10     | Found a staircase to the Orcish Mines.
  9588 | D:10     | Reached XP level 11. HP: 77/105 MP: 12/12
  9590 | D:10     | Reached skill level 14 in Unarmed Combat
  9931 | D:10     | Learned a level 2 spell: Blink
 10486 | D:11     | Found a staircase to the Lair.
 10684 | D:11     | Reached **** piety under Fedhas
 10688 | D:11     | Noticed Erolcha
 10702 | D:11     | Killed Erolcha
 10885 | D:11     | Killed an unseen horror
 10885 | D:11     | Reached skill level 1 in Armour
 11341 | D:12     | Noticed a rakshasa
 11349 | D:12     | Killed a rakshasa
 11385 | D:12     | Noticed Gastronok
 11394 | D:12     | Killed Gastronok
 11394 | D:12     | Reached skill level 15 in Unarmed Combat
 11416 | D:12     | Noticed Nergalle
 11428 | D:12     | Killed Nergalle
 11428 | D:12     | Reached skill level 5 in Throwing
 11648 | D:12     | Noticed a green ugly thing
 11659 | D:12     | Killed a green ugly thing
 11659 | D:12     | Reached XP level 12. HP: 103/115 MP: 14/14
 11857 | D:12     | Found a blossoming altar of Fedhas.
 11924 | D:12     | Reached skill level 5 in Invocations
 12289 | D:12     | Found a runed translucent door.
 12289 | D:12     | Noticed a frost giant
 12289 | D:12     | Noticed an ettin
 12291 | D:12     | Noticed a tengu reaver
 12291 | D:12     | Noticed a tengu reaver
 12291 | D:12     | Noticed a two-headed ogre
 12291 | D:12     | a death drake changed into a two-headed ogre
 12606 | D:12     | Noticed an ettin
 12606 | D:12     | an ettin changed into something unseen
 12863 | D:13     | Noticed Rupert
 13140 | D:13     | Reached ***** piety under Fedhas
 13141 | D:13     | Noticed a vault guard
 13156 | D:13     | Noticed a vault guard
 13159 | D:13     | Killed a vault guard
 13162 | D:13     | Killed a vault guard
 13166 | D:13     | Noticed a vault guard
 13167 | D:13     | Noticed a vault guard
 13202 | D:14     | HP: 3/118 [vault guard/+3 battleaxe (13)]
 13203 | D:14     | HP: 1/118 [vault guard/+3 battleaxe (18)]
 13206 | D:14     | Killed a vault guard
 13206 | D:14     | Reached skill level 16 in Unarmed Combat
 13427 | D:13     | Killed a vault guard
 14029 | D:13     | Noticed a centaur warrior
 14043 | D:13     | Killed a centaur warrior
 14043 | D:13     | Reached XP level 13. HP: 108/124 MP: 16/16
 14166 | D:13     | Found a gate to the Vaults.
 14397 | D:13     | Killed Rupert
 14588 | Lair:1   | Entered Level 1 of the Lair of Beasts
 14603 | Lair:1   | Noticed Maggie
 14619 | Lair:1   | Killed Maggie
 14878 | D:14     | Reached skill level 1 in Axes
 14914 | D:13     | HP: 2/127 [skeletal warrior/+0 long sword (24)]
 15249 | D:14     | Noticed Josephine
 15304 | D:14     | Killed Josephine
 15477 | D:14     | Reached skill level 5 in Axes
 15621 | D:14     | Reached skill level 5 in Armour
 15694 | D:14     | Noticed Frances
 15716 | D:14     | Killed Frances
 15716 | D:14     | Reached skill level 17 in Unarmed Combat
 16447 | D:12     | Learned a level 6 spell: Statue Form
 16495 | Lair:1   | You fall into a shaft and drop 1 floor!
 16571 | Lair:2   | Found a staircase to the Snake Pit.
 16593 | Lair:2   | Found a staircase to the Swamp.
 16614 | Lair:2   | Reached XP level 14. HP: 123/136 MP: 18/18
 16881 | Lair:1   | Noticed Erica
 16895 | Lair:1   | Killed Erica
 16899 | Lair:1   | Reached skill level 1 in Earth Magic
 16920 | Lair:1   | Noticed Grum
 16935 | Lair:1   | Killed Grum
 17812 | Lair:2   | Reached skill level 1 in Transmutations
 18396 | Lair:3   | Reached skill level 1 in Spellcasting
 19573 | Lair:4   | Reached ****** piety under Fedhas
 19585 | Lair:4   | Noticed an entropy weaver
 19588 | Lair:4   | Killed an entropy weaver
 19593 | Lair:4   | Noticed an entropy weaver
 19598 | Lair:4   | Killed an entropy weaver
 21667 | Lair:6   | Entered Level 6 of the Lair of Beasts
 21676 | Lair:6   | Found a gate leading to a gauntlet.
 21728 | Lair:6   | HP: 2/137 [blink frog (18)]
 21729 | Lair:6   | Slain by a blink frog

Illustrated notes

Levels and vault maps discovered:
D:1:      ebering_trefoil_twist, layout_loops_cross, minmay_split_cup_large
D:2:      layout_rooms, dancing_weapons_uskayaw, okawaru_altar_gauntlet_db,
          uniq_natasha, uniq_crazy_yiuf_cottage
D:3:      layout_basic, nicolae_dithmenos_through_a_glass_darkly
D:4:      layout_rooms, lemuel_doored_altar, kennysheep_mini,
          lemuel_zombie_altar_kikubaaqudgha
D:5:      layout_loops_corners, nicolae_tso_swordbearing_angel
D:6:      kennysheep_spiral_hall, layout_loops_ring, st_stairs_14
D:7:      gammafunk_beogh_shrine, layout_loops_ring, minmay_temple_entry_ruins,
          serial_aquarium, aquarium_bridge_square [aquarium_subvault_bridge,
          aquarium_subvault_wall, aquarium_subvault_bridge,
          aquarium_subvault_bridge], aquarium_window_corner, aquarium_window_2,
          aquarium_view_4, aquarium_balcony_3b
D:8:      layout_loops_ring, uniq_harold
D:9:      layout_basic, serial_shops, shop_fountains
D:10:     layout_roguey, orc_0_dummy
D:11:     layout_grid_maze, david_lair_shrubbed, uniq_erolcha
D:12:     minmay_gate_of_8, layout_long_grid, basic_altar, uniq_nergalle,
          uniq_gastronok
D:13:     layout_rooms, grunt_vaults_entry_tiered, uniq_rupert
D:14:     layout_basic, serial_bayou_ford_a, minmay_misc_feat_tiny,
          uniq_frances, uniq_josephine
Temple:   regret_index_temple_sphere_string
Lair:1:   layout_cave_pods, grunt_megastairs_1, serial_bayou_shore_a,
          lemuel_fruit_tree, infiniplex_staircase_pool, uniq_erica, uniq_maggie,
          uniq_grum
Lair:2:   layout_long_grid, minmay_swamp_entry_swarm,
          guppyfry_snake_entry_garden, chequers_serial_rivers_large_a,
          minmay_lair_oklob_bushes, serial_bayou_shore_b
Lair:3:   layout_cave_pods, cheibrodos_lair_lostbears
Lair:4:   layout_regular_city, minmay_hedge_maze, minmay_another_anthill
Lair:5:   layout_gridlike, infiniplex_staircase_pool_2
Lair:6:   minmay_lair_end_frog_pond, layout_big_grid, slime_altar_1,
          gauntlet_entry_generic

Skill      XL: |  1  2  3  4  5  6  7  8  9 10 11 12 13 14 |
---------------+-------------------------------------------+-----
Fighting       | 3 4 5 6 7 8 |  8.8
Unarmed Combat | 3 5 6 8 10 12 13 15 16 17 | 17.1
Throwing       | 1 3 4 5 6 8 |  8.6
Invocations    | 3 4 6 7 |  7.8
Evocations     | 1 |  1.0
Armour         | 2 4 5 |  5.3
Axes           | 5 |  5.3
Earth Magic    | 3 |  3.3
Transmutations | 2 |  2.7
Spellcasting   | 2 |  2.1
Dodging        | |  1.5
Stealth        | |  2.7

Action                   |  1- 3 |  4- 6 |  7- 9 | 10-12 | 13-15 || total
-------------------------+-------+-------+-------+-------+-------++-------
Melee: Unarmed           |    22 |   215 |   343 |   460 |   390 ||  1430
       Punch             |       |     3 |    10 |    34 |    27 ||    74
       Hand axe          |       |       |       |       |    19 ||    19
Throw: Javelin           |     4 |     1 |       |       |    17 ||    22
       Dart              |       |     3 |    33 |    32 |   110 ||   178
       Boomerang         |       |       |       |     3 |    76 ||    79
       Large rock        |       |       |       |       |    26 ||    26
Invok: Grow Ballistomyce |       |       |       |     1 |     4 ||     5
       Wall of Briars    |       |       |       |       |     1 ||     1
Evoke: Wand              |       |       |     6 |       |       ||     6
  Use: Potion            |       |     1 |     4 |     4 |     2 ||    11
       Scroll            |       |       |     7 |    15 |     4 ||    26
 Stab: Sleeping          |       |     3 |     1 |       |       ||     4
Armor: Robe              |     9 |    99 |   105 |    52 |       ||   265
       Troll leather arm |       |       |       |    91 |   106 ||   197
Dodge: Dodged            |    13 |   134 |   135 |   182 |   149 ||   613

Table legend: (Time is in decaauts)
 A = Elapsed time spent in this place.
 B = Non-inter-level travel time spent in this place.
 C = Inter-level travel time spent in this place.
 D = Time resting spent in this place.
 E = Time spent auto-exploring this place.
 F = Levels seen in this place.
 G = Mean time per level.
                   A        B        C        D        E       F      G
               +--------+--------+--------+--------+--------+-----+--------+
         Total |  21559 |  19651 |   1908 |   3944 |  11819 |  21 | 1026.6 |
       Dungeon |  15971 |  14316 |   1655 |   3142 |   8059 |  14 | 1140.8 |
        Temple |    194 |    169 |     25 |      0 |    164 |   1 |  194.0 |
          Lair |   5392 |   5164 |    228 |    802 |   3596 |   6 |  898.7 |
               +--------+--------+--------+--------+--------+-----+--------+

Top non-repeatable levels by time:
    D:12: 1955 daAuts
     D:8: 1822 daAuts
    D:14: 1496 daAuts
  Lair:4: 1440 daAuts
    D:10: 1411 daAuts
    D:13: 1366 daAuts
     D:7: 1313 daAuts
  Lair:3: 1231 daAuts
  Lair:1: 1135 daAuts
    D:11: 1110 daAuts
     D:5: 1109 daAuts
     D:3: 914 daAuts
     D:6: 897 daAuts
  Lair:5: 795 daAuts
  Lair:2: 735 daAuts
